 Dungeon Crawl Stone Soup version 0.32-a0-42-ga30500b4d3 (webtiles) character file.

Game seed: 11933519989938805367

415 Dittersdorf the Shield-Bearer (level 6, -2/40 HPs)
             Began as a Gargoyle Fighter on Jan 29, 2024.
             Slain by a kobold
             ... wielding a +0 dagger
              (3 damage)
             ... on level 3 of the Dungeon.
             The game lasted 00:03:53 (2517 turns).

Dittersdorf the Shield-Bearer (Gargoyle Fighter)    Turns: 2517, Time: 00:03:53

Health: -2/40      AC: 15    Str: 27    XL:     6   Next: 92%
Magic:  6/6        EV:  8    Int:  9    God:
Gold:   207        SH:  4    Dex:  9    Spells: 5/5 levels left

rFire   . . .        a - +0 flail
rCold   . . .        c - +0 buckler
rNeg    + . .        p - +0 chain mail
rPois   ∞            (no helmet)
rElec   +            (no cloak)
rCorr   .            i - +0 pair of gloves
SInv    .            (no boots)
Will    .....        (no amulet) Stlth
                     k - +6 ring of strength
HPRegen 0.26/turn    (no ring)
MPRegen 0.10/turn

%: no passive effects
@: no status effects
A: sickness immunity, AC +4, negative energy resistance 1, electricity
resistance, torment resistance 1, petrification resistance
a: no special abilities


You were on level 3 of the Dungeon.
You visited 1 branch of the dungeon, and saw 3 of its levels.

You collected 207 gold pieces.

Inventory:

Hand Weapons
 a - a +0 flail (weapon)
Armour
 c - a +0 buckler (worn)
 i - a +0 pair of gloves (worn)
 p - a +0 chain mail (worn)
Jewellery
 k - a +6 ring of strength (left hand)
Wands
 b - a wand of flame (12) (quivered)
Scrolls
 e - a scroll of noise {unknown}
 g - 2 scrolls of poison
 h - a scroll of teleportation
 j - 2 scrolls of immolation {unknown}
Potions
 d - 2 potions of might
 f - 2 potions of enlightenment
 l - a potion of magic
 m - 2 potions of mutation
 n - 3 potions of curing


   Skills:
 + Level 4.9 Fighting
 + Level 3.9 Maces & Flails
 + Level 5.0 Armour
 + Level 5.0 Shields


You had 5 spell levels left.
You didn't know any spells.
Your spell library contained the following spells:

 Spells                   Type           Power      Damage    Failure   Level
 Blink                    Tloc           0%         N/A       97%         2
 Lesser Beckoning         Tloc           0%         N/A       97%         2
 Momentum Strike          Conj/Tloc      0%         3d8       97%         2
 Brom's Barrelling Bould  Conj/Erth      0%         2d3       100%        4
 Fireball                 Conj/Fire      0%         3d3       100%        5
 Iskenderun's Battlesphe  Conj           0%         2d6       100%        5
 Conjure Ball Lightning   Conj/Air       0%         3x3d6     100%        6
 Orb of Destruction       Conj           0%         9d5       100%        7


Dungeon Overview and Level Annotations

Branches:
Dungeon (3/15)

Altars:

Annotations:
D:3 2 runed translucent doors


Innate Abilities, Weirdness & Mutations

You are immune to sickness and miasma.
Your stone body is resilient. (AC +4)
You are immune to poison.
You resist negative energy. (rN+)
You are resistant to electric shocks. (rElec)
You are resistant to unholy torment.
You are immune to petrification.


Message History

You are too injured to fight recklessly!
You are too injured to fight recklessly!
You are too injured to fight recklessly!
You are too injured to fight recklessly!
You are too injured to fight recklessly!
You are too injured to fight recklessly!
You are too injured to fight recklessly!
You are too injured to fight recklessly!
You are too injured to fight recklessly!
You are too injured to fight recklessly!
You are too injured to fight recklessly!
You closely miss the hobgoblin. The kobold hits you but does no damage.
The hobgoblin closely misses you. The goblin barely misses you.
You block the hobgoblin's attack.
The gnoll hits you from afar with a +0 spear.
The gnoll hits you but does no damage. The kobold hits you but does no damage.
You barely miss the hobgoblin. The kobold hits you but does no damage.
The hobgoblin hits you but does no damage.
The hobgoblin closely misses you. The gnoll hits you but does no damage.
The goblin closely misses you.
The kobold hits you with a +0 short sword.
The gnoll hits you from afar with a +0 spear.
You closely miss the hobgoblin. You block the kobold's attack.
You block the hobgoblin's attack. The hobgoblin closely misses you.
The gnoll hits you from afar with a +0 spear.
* * * LOW HITPOINT WARNING * * *
The goblin hits you but does no damage. The gnoll hits you but does no damage.
The kobold hits you but does no damage.
You barely miss the hobgoblin. The kobold hits you with a +0 dagger.
* * * LOW HITPOINT WARNING * * *
The hobgoblin closely misses you. The hobgoblin hits you with a +0 club.
* * * LOW HITPOINT WARNING * * *
The gnoll hits you but does no damage. x2; The goblin hits you with a +0 club.
* * * LOW HITPOINT WARNING * * *
The kobold hits you but does no damage.
The hobgoblin hits you but does no damage.
The goblin hits you but does no damage.
The hobgoblin hits you but does no damage.
You block the kobold's attack. The kobold hits you with a +0 dagger.
You die...

≈≈≈≈≈≈≈≈≈≈≈≈≈≈≈≈≈≈≈
###################
...........#).....
..........))...... '##
...........####### ....
########.......... .....
#..........
.....g########..........
' #.KgK@g........#######
#..KggK........'.))...
#..ggg.........#......
######################


You could see 2 gnolls, 4 hobgoblins, 2 goblins and 4 kobolds.

Vanquished Creatures
  Sigmund (D:3)
  A bombardier beetle (D:3)
  Jessica (D:2)
  Ijyb (D:2)
  An adder (D:3)
  5 gnolls (D:3)
  2 dart slugs
  3 ribbon worms
  An orc (D:3)
  4 endoplasms
  A giant cockroach (D:1)
  25 goblins
  29 hobgoblins
  5 jackals (D:1)
  A kobold (D:2)
  3 quokkas
  2 ball pythons (D:1)
  7 bats
  3 frilled lizards
  8 rats
104 creatures vanquished.

Notes
Turn   | Place    | Note
-------+----------+-------------------------------------------
     0 | D:1      | Dittersdorf the Gargoyle Fighter began the quest for the
                  | Orb.
     0 | D:1      | Reached XP level 1. HP: 14/14 MP: 1/1
    95 | D:1      | Reached XP level 2. HP: 16/19 MP: 2/2
   302 | D:1      | Reached XP level 3. HP: 23/23 MP: 3/3
   891 | D:2      | Found a faded altar of an unknown god.
   939 | D:2      | Noticed Jessica
   944 | D:2      | Killed Jessica
   945 | D:2      | Reached XP level 4. HP: 23/29 MP: 4/4
  1361 | D:3      | Noticed Ijyb
  1365 | D:3      | Noticed Sigmund
  1409 | D:2      | Reached XP level 5. HP: 27/33 MP: 5/5
  1503 | D:2      | Killed Ijyb
  1610 | D:3      | Killed Sigmund
  1611 | D:3      | Reached XP level 6. HP: 24/39 MP: 6/6
  1731 | D:3      | Found a runed translucent door.
  1779 | D:3      | Found a runed translucent door.
  2436 | D:3      | Reached skill level 5 in Shields
  2510 | D:3      | Reached skill level 5 in Armour
  2517 | D:3      | HP: 1/40 [goblin/+0 club (3)]
  2517 | D:3      | Slain by a kobold

Illustrated notes

Levels and vault maps discovered:
D:1:      dpeg_arrival_fog, layout_basic, minmay_tall_x
D:2:      layout_rooms, chequers_ecumenical_altar_grove, uniq_jessica
D:3:      minmay_goblin_kobold_castle, layout_basic, ebering_ghost_sewer_f,
          hex_intersection, uniq_ijyb, uniq_sigmund

Skill      XL: |  1  2  3  4  5  6 |
---------------+-------------------+-----
Shields        | 4 5 |  5.0
Fighting       | 4 |  4.9
Armour         | 4 5 |  5.0
Maces & Flails | 3 |  3.9

Action                     |  1- 3 |  4- 6 || total
---------------------------+-------+-------++-------
  Melee: Flail             |   120 |   198 ||   318
  Evoke: Wand              |       |     6 ||     6
    Use: Potion            |       |     1 ||     1
         Scroll            |       |     8 ||     8
 Armour: Scale mail        |   118 |     2 ||   120
         Chain mail        |       |   338 ||   338
  Dodge: Dodged            |    63 |   156 ||   219
  Block: Buckler           |    36 |    86 ||   122

Table legend: (Time is in decaauts)
 A = Elapsed time spent in this place.
 B = Non-inter-level travel time spent in this place.
 C = Inter-level travel time spent in this place.
 D = Time resting spent in this place.
 E = Time spent auto-exploring this place.
 F = Levels seen in this place.
 G = Mean time per level.
                   A        B        C        D        E       F      G
               +--------+--------+--------+--------+--------+-----+--------+
         Total |   2609 |   2549 |     60 |    343 |   1308 |   3 |  869.7 |
       Dungeon |   2609 |   2549 |     60 |    343 |   1308 |   3 |  869.7 |
               +--------+--------+--------+--------+--------+-----+--------+

Top non-repeatable levels by time:
     D:3: 1031 daAuts
     D:2: 914 daAuts
     D:1: 662 daAuts
